 Dungeon Crawl Stone Soup version 0.27-a0-522-g46bbb28828 (webtiles) character file.

Game seed: 12861223956831273698

43 Frqise the Ruffian (level 3, -4/30 HPs)
             Began as a Ghoul Gladiator on Mar 5, 2021.
             Slain by a worm (10 damage)
             ... on level 2 of the Dungeon.
             The game lasted 00:01:48 (1465 turns).

Frqise the Ruffian (Ghoul Gladiator)                Turns: 1465, Time: 00:01:49

Health: -4/30      AC:  1    Str: 18    XL:     3   Next: 58%
Magic:  2/2        EV: 12    Int:  3    God:
Gold:   39         SH:  0    Dex: 10    Spells: 2/2 levels left

rFire    . . .     SeeInvis .     - Unarmed
rCold    + . .     Faith    .   (no shield)
rNeg     + + +     Spirit   .   (no armour)
rPois    ∞         Reflect  .   b - +0 helmet
rElec    .         Harm     .   (no cloak)
rCorr    .         Rampage  .   (no gloves)
Will     .....                  (no boots)
Stlth    +.........             (no amulet)
HPRegen  0.00/turn              (no ring)
MPRegen  0.08/turn              (no ring)

@: no status effects
A: claws 1, cold resistance 1, negative energy resistance 3, inhibited
regeneration, torment resistance, unbreathing 1
a: no special abilities


You were on level 2 of the Dungeon.
You visited 1 branch of the dungeon, and saw 2 of its levels.

You collected 39 gold pieces.

Inventory:

Missiles
 c - 3 throwing nets (quivered)
Armour
 b - a +0 helmet (worn)
 d - a +0 chain mail
Scrolls
 a - a scroll of amnesia {unknown}
 e - a scroll of enchant weapon {unknown}
 f - a scroll of teleportation {unknown}
 g - a scroll of identify {unknown}


   Skills:
 + Level 2.6 Fighting
 + Level 2.1 Throwing
 + Level 0.2 Armour
 + Level 3.1 Dodging
 + Level 0.4 Stealth
 + Level 3.8 Unarmed Combat


You had 2 spell levels left.
You didn't know any spells.
Your spell library was empty.

Dungeon Overview and Level Annotations

Branches:
Dungeon (2/15)

Altars:


Innate Abilities, Weirdness & Mutations

You thrive by killing the living.
You are immune to poison.
You have sharp fingernails.
Your flesh is cold resistant. (rC+)
You are immune to negative energy. (rN+++)
You do not regenerate when monsters are visible.
You are immune to unholy pain and torment.
You can survive without breathing.


Message History

The adder is heavily wounded.
A worm comes into view.
The adder bites you.
You barely miss the adder.
The adder is heavily wounded.
The adder bites you.
You closely miss the adder.
The adder is heavily wounded.
The adder misses you.
You claw the adder!
You kill the adder!
You feel better.
You see here a +0 club.
You scratch the worm.
The worm is lightly wounded.
You scratch the worm but do no damage.
The worm is lightly wounded.
The worm bites you.
You scratch the worm.
The worm is moderately wounded.
You barely miss the worm.
The worm is moderately wounded.
The worm bites you!
* * * LOW HITPOINT WARNING * * *
You barely miss the worm.
The worm is moderately wounded.
The worm bites you.
* * * LOW HITPOINT WARNING * * *
You barely miss the worm.
The worm is lightly wounded.
You scratch the worm.
The worm is moderately wounded.
The worm barely misses you. The worm misses you.
You scratch the worm.
The worm is heavily wounded.
The worm misses you.
You barely miss the worm.
The worm is heavily wounded.
The worm bites you!
You die...

#########
#.......#
#....>..# #..
#.......###.....
#.......@w......
#.......#w......
#.......#.......
####.####..?....
#..# .......
##.# ....... #.#
....... #.##
#...... #..#


You could see 2 worms.

Vanquished Creatures
  An adder (D:2)
  3 dart slugs (D:1)
  3 leopard geckos
  A giant cockroach (D:1)
  3 hobgoblins (D:1)
  4 bats (D:1)
  3 goblins (D:1)
  4 kobolds
  4 rats (D:1)
26 creatures vanquished.

Notes
Turn   | Place    | Note
-------+----------+-------------------------------------------
     0 | D:1      | Frqise the Ghoul Gladiator began the quest for the Orb.
     0 | D:1      | Reached XP level 1. HP: 17/17 MP: 0/0
    88 | D:1      | Reached XP level 2. HP: 14/24 MP: 1/1
  1088 | D:1      | Reached XP level 3. HP: 25/29 MP: 2/2
  1465 | D:2      | Slain by a worm

Illustrated notes

Levels and vault maps discovered:
D:1:      minmay_arrival_solitary_statue, layout_basic, serial_aquarium,
          aquarium_bridge_island_small [aquarium_subvault_small_open,
          aquarium_subvault_bridge, aquarium_subvault_wall,
          aquarium_subvault_window, aquarium_subvault_balcony],
          aquarium_window_1, aquarium_window_2, aquarium_view_2d,
          aquarium_view_2d
D:2:      minmay_chambers_of_ones, layout_rooms, minivault_24,
          minmay_diced_spiral

Skill      XL: |  1 |
---------------+----+-----
Throwing       | 2 |  2.1
Dodging        | 3 |  3.1
Fighting       | |  2.6
Armour         | |  0.2
Stealth        | |  0.4
Unarmed Combat | |  3.8

Action                   || total
-------------------------++-------
Melee: Unarmed           ||    77
 Stab: Sleeping          ||     1
Armor: Leather armour    ||     1
       Skin              ||     7
Dodge: Dodged            ||    44

Table legend: (Time is in decaauts)
 A = Elapsed time spent in this place.
 B = Non-inter-level travel time spent in this place.
 C = Inter-level travel time spent in this place.
 D = Time resting spent in this place.
 E = Time spent auto-exploring this place.
 F = Levels seen in this place.
 G = Mean time per level.
                   A        B        C        D        E       F      G
               +--------+--------+--------+--------+--------+-----+--------+
         Total |   1459 |   1459 |      0 |      0 |   1246 |   2 |  729.5 |
       Dungeon |   1459 |   1459 |      0 |      0 |   1246 |   2 |  729.5 |
               +--------+--------+--------+--------+--------+-----+--------+

Top non-repeatable levels by time:
     D:1: 1423 daAuts
     D:2: 36 daAuts
